 Dungeon Crawl Stone Soup version 0.30-a0-840-ga523dec638 (webtiles) character file.

Game seed: 6388433327637693109

325 Newt the Skirmisher (level 6, -15/40 HPs)
             Began as a Kobold Hunter on Mar 1, 2023.
             Killed from afar by a steam dragon (18 damage)
             ... with a ball of steam
             ... on level 4 of the Dungeon.
             The game lasted 00:02:45 (3466 turns).

Newt the Skirmisher (Kobold Hunter)                 Turns: 3466, Time: 00:02:46

Health: -15/40     AC:  5    Str:  8    XL:     6   Next: 78%
Magic:  6/6        EV: 14    Int: 10    God:
Gold:   101        SH:  0    Dex: 21    Spells: 5/5 levels left

rFire   . . .      SeeInvis .    a - +1 shortbow
rCold   . . .      Faith    .    (shield currently unavailable)
rNeg    . . .      Spirit   .    c - +0 leather armour
rPois   .          Reflect  .    (no helmet)
rElec   .          Harm     .    i - +0 cloak
rCorr   .          Rampage  .    l - +0 pair of gloves
Will    .....                    (no boots)
Stlth   +++                      d - amulet of regeneration
HPRegen 1.06/turn                (no ring)
MPRegen 0.10/turn                (no ring)

@: no status effects
A: small, no large weapons, nightstalker 3
a: no special abilities


You were on level 4 of the Dungeon.
You visited 1 branch of the dungeon, and saw 4 of its levels.

You collected 101 gold pieces.

Inventory:

Hand Weapons
 a - a +1 shortbow (weapon)
Armour
 c - a +0 leather armour (worn)
 i - a +0 cloak (worn)
 l - a +0 pair of gloves (worn)
Jewellery
 d - an amulet of regeneration (around neck)
 m - an amulet of guardian spirit
Wands
 o - a wand of iceblast (1)
Scrolls
 b - a scroll of immolation
 j - 2 scrolls of fear
 n - a scroll of identify
Potions
 e - a potion of brilliance
 f - a potion of flight
 g - a potion of lignification
 h - a potion of mutation {unknown}
 k - 2 potions of curing


   Skills:
 - Level 5.0 Fighting
 + Level 8.3 Ranged Weapons
 - Level 2.4 Dodging
 - Level 1.3 Stealth


You had 5 spell levels left.
You didn't know any spells.
Your spell library contained the following spells:

 Spells                   Type           Power      Damage    Failure   Level
 Sandblast                Erth           0%         2d4       50%         1
 Passwall                 Tmut/Erth      0%         N/A       63%         2
 Stone Arrow              Conj/Erth      0%         3d7       86%         3


Dungeon Overview and Level Annotations

Branches:
Dungeon (4/15)
 Temple: D:4-7

Altars:

Annotations:
D:3 1 transporter, NinjaNoafa's ghost, amateur MiHu


Innate Abilities, Weirdness & Mutations

You are small and have problems with some larger weapons.
You are completely attuned to the shadows.


Message History

There is a stone staircase leading up here.
A steam dragon is nearby!
You shoot an arrow. The steam dragon hisses angrily.
The arrow hits the steam dragon but does no damage.
The steam dragon bites you.
The steam dragon claws you but does no damage.
You shoot an arrow.
The arrow closely misses the steam dragon.
The steam dragon closely misses you. x2
You shoot an arrow.
The arrow hits the steam dragon but does no damage.
The steam dragon bites you! The steam dragon barely misses you.
You shoot an arrow. The arrow hits the steam dragon.
The steam dragon is lightly wounded.
The steam dragon closely misses you. The steam dragon misses you.
You shoot an arrow. The arrow hits the steam dragon!
The steam dragon is moderately wounded.
The steam dragon completely misses you. The steam dragon claws you.
You shoot an arrow. The arrow hits the steam dragon.
The steam dragon is moderately wounded.
The steam dragon breathes steam at you. The ball of steam hits you.
You hear a shout!
You hear an angry hiss.
You shoot an arrow. The arrow hits the steam dragon!
The steam dragon is severely wounded.
You are engulfed in a cloud of scalding steam.
The steam dragon barely misses you. The steam dragon claws you.
You are too injured to fight recklessly!
The steam dragon attacks as you move away!
The steam dragon misses you. The steam dragon closely misses you.
You shoot an arrow.
The arrow barely misses the steam dragon.
The steam dragon breathes steam at you. The ball of steam hits you!
* * * LOW HITPOINT WARNING * * *
The steam dragon misses you. x2
The steam dragon breathes steam at you. The ball of steam hits you!!
You die...

.#.# #.#
.#.# #.#
#.# #.#
#.#######
#.......#
#######.#
.# #.# .#
#.# .#
#@###.###
#§§D.....
#####....
##.# .


You could see a steam dragon (catching breath).

Vanquished Creatures
  An ogre (D:4)
  2 hounds
  A gnoll bouda (D:4)
  4 gnolls (D:4)
  4 adders
  4 dart slugs
  7 endoplasms
  7 giant cockroaches
  5 goblins
  4 hobgoblins
  3 quokkas
  9 ball pythons
  9 bats
  5 frilled lizards
  4 kobolds
  4 rats
73 creatures vanquished.

Vanquished Creatures (others)
  A ball python (D:4)
  A kobold (D:4)
2 creatures vanquished.

Grand Total: 75 creatures vanquished

Notes
Turn   | Place    | Note
-------+----------+-------------------------------------------
     0 | D:1      | Newt the Kobold Hunter began the quest for the Orb.
     0 | D:1      | Reached XP level 1. HP: 12/12 MP: 1/1
    83 | D:1      | Reached XP level 2. HP: 15/18 MP: 2/2
   359 | D:1      | Found a faded altar of an unknown god.
   392 | D:1      | Reached XP level 3. HP: 18/23 MP: 3/3
  1320 | D:2      | Reached XP level 4. HP: 30/30 MP: 4/4
  2202 | D:3      | Identified the +9 dire flail "Hiriy" {freeze, rElec Dex+2}
  2202 | D:3      | Noticed an ogre
  2204 | D:3      | Noticed NinjaNoafa's ghost (amateur MiHu)
  2230 | D:3      | Reached skill level 5 in Fighting
  2230 | D:3      | Reached XP level 5. HP: 35/35 MP: 5/5
  2238 | D:3      | Found a transporter.
  2337 | D:3      | Reached skill level 6 in Ranged Weapons
  3128 | D:4      | Noticed a steam dragon
  3200 | D:4      | Reached skill level 7 in Ranged Weapons
  3200 | D:4      | Reached XP level 6. HP: 21/40 MP: 2/6
  3378 | D:4      | Noticed an ogre
  3380 | D:4      | Killed an ogre
  3381 | D:4      | Reached skill level 8 in Ranged Weapons
  3465 | D:4      | HP: 2/40 [steam dragon/ball of steam (16)]
  3466 | D:4      | Killed from afar by a steam dragon

Illustrated notes

Levels and vault maps discovered:
D:1:      sevenhm_arrival_forest_fort_small_1, layout_basic,
          basic_ecumenical_altar, minmay_close_crescents
D:2:      layout_loops_ring, grunt_ministairs_12, dk_vineyard_2
D:3:      layout_loops_corners, gammafunk_ghost_smash, minivault_23
D:4:      layout_loops_ring

Skill      XL: |  1  2  3  4  5  6 |
---------------+-------------------+-----
Fighting       | 3 4 5 |  5.0
Ranged Weapons | 7 8 |  8.3
Dodging        | |  2.4
Stealth        | |  1.3

Action                     |  1- 3 |  4- 6 || total
---------------------------+-------+-------++-------
   Fire: Shortbow          |    74 |   101 ||   175
  Throw: Throwing net      |       |     1 ||     1
  Evoke: Wand              |       |     3 ||     3
    Use: Scroll            |     2 |     5 ||     7
         Potion            |     1 |     1 ||     2
 Armour: Leather armour    |     9 |    13 ||    22
  Dodge: Dodged            |    26 |    40 ||    66

Table legend: (Time is in decaauts)
 A = Elapsed time spent in this place.
 B = Non-inter-level travel time spent in this place.
 C = Inter-level travel time spent in this place.
 D = Time resting spent in this place.
 E = Time spent auto-exploring this place.
 F = Levels seen in this place.
 G = Mean time per level.
                   A        B        C        D        E       F      G
               +--------+--------+--------+--------+--------+-----+--------+
         Total |   3515 |   3395 |    120 |    647 |   2350 |   4 |  878.8 |
       Dungeon |   3515 |   3395 |    120 |    647 |   2350 |   4 |  878.8 |
               +--------+--------+--------+--------+--------+-----+--------+

Top non-repeatable levels by time:
     D:2: 1231 daAuts
     D:3: 1042 daAuts
     D:1: 835 daAuts
     D:4: 404 daAuts
